 Dungeon Crawl Stone Soup version 0.25.0-41-g26779e291d (webtiles) character file.

Game seed: 10499220437485946419

102 Delamore the Skirmisher (level 4, 0/30 HPs)
             Began as a Gargoyle Fighter on July 10, 2020.
             Slain by an orc wizard
             ... wielding a +0 dagger
              (3 damage)
             ... on level 2 of the Dungeon.
             The game lasted 00:01:32 (1726 turns).

Delamore the Skirmisher (Gargoyle Fighter)          Turns: 1726, Time: 00:01:33

Health: 0/30       AC: 11    Str: 20    XL:     4   Next: 78%
Magic:  4/4        EV:  3    Int:  9    God:
Gold:   89         SH:  9    Dex:  9    Spells: 3/3 levels left

rFire    . . .     SeeInvis .   a - +0 flail
rCold    . . .     Gourm    .   c - +0 kite shield
rNeg     + . .     Faith    .   b - +0 scale mail
rPois    ∞         Spirit   .   e - +0 helmet
rElec    +         Reflect  .   (no cloak)
rCorr    .         Harm     .   (no gloves)
MR       .....                  (no boots)
Stlth    ..........             (no amulet)
HPRegen  0.10/turn              j - +4 ring of slaying
MPRegen  0.09/turn              p - -4 ring of evasion (curse)

@: no status effects
A: negative energy resistance 1, electricity resistance, unbreathing,
petrification resistance, rot immunity, AC +3
a: no special abilities


You were on level 2 of the Dungeon.
You were not hungry.

You visited 1 branch of the dungeon, and saw 3 of its levels.

You collected 89 gold pieces.

Inventory:

Hand Weapons
 a - a +0 flail (weapon)
Armour
 b - a +0 scale mail (worn)
 c - a +0 kite shield (worn)
 e - a +0 helmet (worn)
Jewellery
 j - a +4 ring of slaying (left hand)
 p - a cursed -4 ring of evasion (right hand)
Scrolls
 h - 2 scrolls of identify
 m - a scroll of teleportation
 n - a scroll of enchant armour
 o - a scroll of blinking
Potions
 d - a potion of might
 g - 2 potions of curing {unknown}
 i - 2 potions of brilliance {unknown}
 l - a potion of flight {unknown}
Comestibles
 f - 2 rations


   Skills:
 + Level 4.7 Fighting
 + Level 3.6 Maces & Flails
 - Level 3.2 Armour
 - Level 3.2 Shields


You had 3 spell levels left.
You didn't know any spells.
Your spell library was empty.

Dungeon Overview and Level Annotations

Branches:
Dungeon (3/15)

Altars:
Elyvilon
Gozag
Sif Muna
Trog


Innate Abilities, Weirdness & Mutations

You are resistant to torment.
Your stone body is resilient. (AC +3)
You are immune to poison.
You resist negative energy. (rN+)
You are resistant to electric shocks. (rElec)
You can survive without breathing.
You are immune to petrification.
You are immune to rotting.


Message History

You closely miss the orc wizard.
The orc wizard points at you and mumbles some strange words.
The puff of flame hits you!
* * * LOW HITPOINT WARNING * * *
You block the orc's attack. You block the orc wizard's attack.
You closely miss the orc wizard.
The orc wizard hits you but does no damage.
You block the orc's attack.
The orc wizard hits you but does no damage.
Your shield and scale mail prevent you from hitting the orc wizard.
You thump the orc wizard!
The orc wizard is almost dead.
You block the orc wizard's attack. x2
You barely miss the orc wizard.
The orc wizard is almost dead.
The orc wizard hits you but does no damage.
You hear some strange, mumbled words.
Something tries to affect you, but you resist.
The orc wizard hits you with a +0 dagger.
You die...

..)...............# #..#.##
...........)......# #..##.#
....###........#.## #.##.##
....##...........####.#.#####
....##...).......##...##_##.#
....##...........##....##.#.#
....##.........#o##...##.##.#
...[##.........#)##...#.##..#
....#..........o@##...##.#..#####
...............####....#.#.......
...............# #..............
...............# ########.......
.......######### ########
.......# ###....# # #....# #
#.(..#


You could see an orc wizard (fast) and an orc.

Vanquished Creatures
  2 orc wizards (D:2)
  2 adders (D:2)
  A worm (D:2)
  A dart slug (D:1)
  2 leopard geckos (D:2)
  2 orcs (D:2)
  2 giant cockroaches (D:1)
  3 goblins
  5 hobgoblins
  A kobold (D:1)
  A ball python (D:2)
  4 bats (D:1)
  4 frilled lizards
  4 rats
34 creatures vanquished.

Notes
Turn   | Place    | Note
-------+----------+-------------------------------------------
     0 | D:1      | Delamore the Gargoyle Fighter began the quest for the Orb.
     0 | D:1      | Reached XP level 1. HP: 14/14 MP: 1/1
   182 | D:1      | Reached XP level 2. HP: 19/19 MP: 2/2
   812 | D:2      | Found a shimmering blue altar of Sif Muna.
   812 | D:2      | Found an opulent altar of Gozag.
   832 | D:2      | Reached skill level 4 in Fighting
   832 | D:2      | Reached XP level 3. HP: 15/24 MP: 3/3
  1159 | D:2      | Found a bloodstained altar of Trog.
  1160 | D:2      | Found a white marble altar of Elyvilon.
  1208 | D:2      | Found a faded altar of an unknown god.
  1495 | D:2      | Reached XP level 4. HP: 9/30 MP: 4/4
  1726 | D:2      | Slain by an orc wizard

Illustrated notes

Levels and vault maps discovered:
D:1:      eino_arrival_cavern_b, layout_loops_ring, hex_large
D:2:      layout_basic, chequers_temple_overflow_statue_of_worship,
          chequers_ecumenical_altar_twisty
D:3:      lemuel_upstairs_altar, layout_basic, trog_butcher_becter

Skill      XL: |  1  2  3 |
---------------+----------+-----
Fighting       | 4 |  4.7
Maces & Flails | 3 |  3.6
Armour         | |  3.2
Shields        | |  3.2

Action                   |  1- 3 |  4- 6 || total
-------------------------+-------+-------++-------
Melee: Flail             |   138 |    15 ||   153
  Use: Scroll            |       |     3 ||     3
  Eat: Chunk             |     2 |     1 ||     3
Armor: Scale mail        |    83 |    27 ||   110
Dodge: Dodged            |    44 |     5 ||    49
Block: Kite shield       |    80 |    11 ||    91
